 Dungeon Crawl Stone Soup version 0.30-a0-218-gedb9141078 (webtiles) character file.

Game seed: 15544027755210728194

4 LnG the Caller (level 1, 0/8 (10) HPs)
             Began as a Kobold Summoner on Oct 5, 2022.
             Slain by a bat (1 damage)
             ... on level 1 of the Dungeon.
             The game lasted 00:00:57 (379 turns).

LnG the Caller (Kobold Summoner)                     Turns: 379, Time: 00:00:57

HP:   0/8 (10)      AC:  2    Str:  5    XL:     1   Next: 77%
MP:   2/3           EV: 15    Int: 16    God:
Gold: 25            SH:  0    Dex: 15    Spells: 3/4 levels left

rFire   . . .      SeeInvis .    e - +0 dagger
rCold   . . .      Faith    .    (no shield)
rNeg    . . .      Spirit   .    a - +0 robe
rPois   .          Reflect  .    (no helmet)
rElec   .          Harm     .    (no cloak)
rCorr   .          Rampage  .    (no gloves)
Will    .....                    (no boots)
Stlth   +++.......               (no amulet)
HPRegen 0.21/turn                (no ring)
MPRegen 0.08/turn                (no ring)

@: heavily drained
A: small, no large weapons, nightstalker 3
a: no special abilities


You were on level 1 of the Dungeon.
You visited 1 branch of the dungeon, and saw 1 of its levels.

You collected 25 gold pieces.

Inventory:

Hand Weapons
 e - a +0 dagger (weapon)
Armour
 a - a +0 robe (worn)
Scrolls
 c - 3 scrolls of blinking {unknown}
 d - a scroll of brand weapon {unknown}
 f - a scroll of teleportation {unknown}
 g - a scroll of identify {unknown}
Potions
 b - a potion of magic


   Skills:
 + Level 2.4 Dodging
 * Level 2.8 Stealth
 + Level 2.2 Spellcasting
 + Level 4.1 Summonings


You had 3 spell levels left.
You knew the following spells:

 Your Spells              Type           Power      Damage    Failure   Level
a - Summon Small Mammal   Summ           60%        N/A       3%          1

Your spell library contained the following spells:

 Spells                   Type           Power      Damage    Failure   Level
 Call Imp                 Summ           15%        N/A       5%          2
 Call Canine Familiar     Summ           15%        N/A       11%         3
 Summon Guardian Golem    Hex/Summ       8%         N/A       26%         3
 Summon Lightning Spire   Summ/Air       8%         N/A       65%         4


Dungeon Overview and Level Annotations

Branches:
Dungeon (1/15)

Altars:


Innate Abilities, Weirdness & Mutations

You are small and have problems with some larger weapons.
You are completely attuned to the shadows.


Message History

Moving in this stuff is going to be slow.
You enter the shallow water.
Moving in this stuff is going to be slow.
You enter the shallow water.
Moving in this stuff is going to be slow.
You enter the shallow water.
Moving in this stuff is going to be slow.
You see here a staff of cold.
A goblin comes into view. It is wielding a +0 club.
The goblin shouts!
The goblin closely misses you.
You closely miss the goblin.
A bat comes into view.
The goblin completely misses you.
You hit the goblin.
The goblin is heavily wounded.
The goblin hits you with a +0 club.
Ouch! That really hurt!
The bat barely misses you.
You are too injured to fight recklessly!
You are too injured to fight recklessly!
Casting: Summon Small Mammal (safe; 3% risk of failure)
Confirm with . or Enter, or press ? or * to list all spells.
The bat closely misses you. The bat barely misses you.
The goblin hits you but does no damage. The bat hits you but does no damage.
The goblin misses you. The goblin attacks as you move away!
The goblin hits you with a +0 club.
Ouch! That really hurt!
* * * LOW HITPOINT WARNING * * *
The bat attacks as you move away! The bat misses you.
The bat hits you but does no damage. The bat barely misses your rat.
Your rat bites the bat but does no damage.
You hit the bat but do no damage. The bat hits you but does no damage.
You closely miss the goblin.
The goblin is moderately wounded.
The goblin hits you but does no damage.
Your rat bites the goblin.
You hit the goblin.
You kill the goblin!
The bat hits you.
You die...

#### ~~~~## #
~~~~~#######
~~~~~#......
#..
)∩.†.'.#.###
..#.#
~~~~~##.#...
#. #.#.#
~~~~~###.###
#..#.#.#
~~~~####.# #
...#.#@#
######...###
#....br#
#........
##.#.###
###.##### ..
#..# #.# #
##.# #.# #.#
#.#
#####.####
####.#####
##~..~|~~.~
~~.......#
###..#~##~.~~
#~~..###..


You could see a bat and a friendly rat (summoned).

Vanquished Creatures
  2 ball pythons (D:1)
  A goblin (D:1)
  A spectral hobgoblin (D:1)
4 creatures vanquished.

Vanquished Creatures (collateral kills)
  An endoplasm (D:1)
  A goblin (D:1)
2 creatures vanquished.

Grand Total: 6 creatures vanquished

Notes
Turn   | Place    | Note
-------+----------+-------------------------------------------
     0 | D:1      | LnG the Kobold Summoner began the quest for the Orb.
     0 | D:1      | Reached XP level 1. HP: 10/10 MP: 3/3
   327 | D:1      | Found a faded altar of an unknown god.
   379 | D:1      | Slain by a bat

Illustrated notes

Levels and vault maps discovered:
D:1:      dpeg_arrival_simpleton_b, layout_loops_corners,
          dreamdust_ecumenical_altar_drowned_temple, kennysheep_flooded_box,
          minmay_misc_feat_tiny

Action                   || total
-------------------------++-------
Melee: Dagger            ||    28
 Cast: Summon Small Mamm ||     6
Armor: Robe              ||    11
Dodge: Dodged            ||    25

Table legend: (Time is in decaauts)
 A = Elapsed time spent in this place.
 B = Non-inter-level travel time spent in this place.
 C = Inter-level travel time spent in this place.
 D = Time resting spent in this place.
 E = Time spent auto-exploring this place.
 F = Levels seen in this place.
 G = Mean time per level.
                   A        B        C        D        E       F      G
               +--------+--------+--------+--------+--------+-----+--------+
         Total |    384 |    384 |      0 |      0 |    303 |   1 |  384.0 |
       Dungeon |    384 |    384 |      0 |      0 |    303 |   1 |  384.0 |
               +--------+--------+--------+--------+--------+-----+--------+

Top non-repeatable levels by time:
     D:1: 384 daAuts
